Map: Ley Lines

Players

Yingling

  • Race: Protoss Protoss
  • League: Gold
  • Spawn Location: 1:00

BloodBKD - Winner!

  • Race: Protoss Protoss
  • League: Platinum
  • Spawn Location: 7:00

VOD

Have the link to the VOD?

Description

Time

  • Played on: May 25, 2025, 10:30 p.m.
  • Length: 6:03
Show
View Real Time Build Order
Export as new Build Order

Yingling Protoss 

Build Orders:  

Get SALT Encoding   

  12  0:01  Probe  
  13  0:16  Probe  
  13  0:17  Pylon  
  14  0:24  Probe  
  14  0:32  Probe  
  15  0:40  Gateway  
  16  0:44  Probe  
  16  0:49  Assimilator  
  17  0:57  Probe  
  18  1:09  Probe  
  19  1:31  Cybernetics Core  
  19  1:33  Pylon  
  19  1:46  Assimilator, Probe  
  20  1:55  Zealot  
  20  1:58  Probe  
  23  2:11  Probe  
  23  2:13  Twilight Council  
  23  2:14  Warp Gate  
  24  2:17  Shield Battery  
  24  2:21  Pylon  
  24  2:25  Stalker  
  24  2:29  Pylon  
  26  2:41  Charge  
  26  2:47  Gateway  
  26  2:50  Gateway  
  26  3:05  Robotics Facility  
  26  3:25  Forge  
  26  3:28  Stalker  
  28  3:52  Observer  
  29  4:10  Warp Prism  
  31  4:33  Stalker x3  
  31  5:01  Zealot x3  
  31  5:22  Zealot  
  31  5:23  Zealot  
  33  5:40  Stalker  
Show
View Real Time Build Order
Export as new Build Order

BloodBKD Protoss - Winner!

Build Orders: Mass Adepts 

Get SALT Encoding   

  12  0:02  Probe  
  13  0:14  Probe  
  14  0:29  Probe  
  14  0:30  Pylon  
  15  0:48  Probe  
  16  0:52  Gateway  
  16  1:04  Probe  
  16  1:10  Assimilator  
  17  1:13  Assimilator  
  17  1:17  Probe  
  18  1:29  Probe  
  19  1:36  Pylon  
  19  1:40  Cybernetics Core  
  19  1:46  Gateway  
  19  1:49  Gateway  
  19  1:50  Probe  
  20  1:58  Probe  
  19  2:06  Probe  
  21  2:22  Adept  
  23  2:24  Probe  
  24  2:32  Probe  
  24  2:34  Warp Gate  
  25  2:41  Adept x2, Pylon  
  25  2:42  Probe  
  30  2:59  Adept  
  32  3:11  Adept x2, Pylon  
  36  3:21  Adept  
  38  3:41  Adept x2  
  42  3:49  Adept  
  44  4:13  Nexus  
  44  4:16  Stargate  
  44  4:19  Pylon  
  40  4:55  Adept x2  
  40  4:56  Adept  
  44  5:25  Adept  
  44  5:26  Adept x2  
  44  5:47  Adept x3  
Tags
 
Composition
Mass Adepts
Matchup
PvP
Spawn Locations
Cross Positions
Add a new tag
Caveats
  • Supply blocks, unpowered buildings, or Contaminate may cause inaccurate times.
  • Supply counts are checked every 10 seconds.